 Dungeon Crawl Stone Soup version 0.16-a0-4112-g89a4107 (console) character file.

7564 Monkaria the Carver (level 10, -1/102 HPs)
             Began as a Minotaur Chaos Knight on Feb 27, 2015.
             Slain by a yak (11 damage)
             ... on level 12 of the Dungeon.
             The game lasted 00:44:08 (8298 turns).

Monkaria the Carver (Minotaur Chaos Knight)         Turns: 8298, Time: 00:44:09

Health: -1/102     AC: 11    Str: 20      XL:     10   Next: 96%
Magic:  4/4        EV: 14    Int:  9 (11) God:    Xom [....*.]
Gold:   427        SH:  0    Dex: 12      Spells: 0 memorised, 9 levels left

rFire  . . .     SeeInvis .     N - +0 scimitar
rCold  + . .     Clarity  +     B - +1 leather armour {rN+}
rNeg   + . .     SustAb   .     (no shield)
rPois  .         Gourm    .     (helmet restricted)
rElec  .         Spirit   .     m - +1 cloak
rCorr  .         Warding  .     (no gloves)
rMut   .         Stasis   .     A - +2 pair of boots
MR     .....                    a - amulet of clarity
Stlth  +.........               Q - ring of protection from cold
                                b - +2 ring of intelligence

@: not resistant to hostile enchantments, very unstealthy
A: retaliatory headbutt, horns 2, breathe flames 1, high mp 1, mutation
resistance 1, robust 1, strong 1, wild magic 2
a: Renounce Religion, Breathe Fire


You were on level 12 of the Dungeon.
You worshipped Xom.
You were a beloved toy of Xom.
You were very hungry.

You visited 2 branches of the dungeon, and saw 13 of its levels.

You collected 427 gold pieces.

Inventory:

Hand weapons
 v - a +1 falchion of chaos
 N - a +0 scimitar (weapon)
 O - a +0 blowgun
Missiles
 j - 6 tomahawks of returning (quivered)
 k - 35 poisoned needles
 s - 8 needles of frenzy
 t - 5 poisoned tomahawks
 y - 5 curare-tipped needles
Armour
 m - a +1 cloak (worn)
 A - a +2 pair of boots (worn)
 B - a +1 leather armour of positive energy (worn)
Magical staves
 G - an uncursed staff of air {unknown}
Jewellery
 a - an amulet of clarity (around neck)
 b - a +2 ring of intelligence (left hand)
 q - an uncursed ring of wizardry
 Q - a ring of protection from cold (right hand)
Magical devices
 w - a wand of slowing (37)
 D - a wand of confusion (18)
 F - a wand of teleportation (4)
 J - a wand of frost (21)
 T - a wand of fire (5)
Scrolls
 d - a scroll of teleportation
 i - 2 scrolls of fog
 C - a scroll of recharging
 K - 4 scrolls of enchant armour
 M - a scroll of remove curse
Potions
 g - a potion of cure mutation
 l - 2 potions of curing
 p - a potion of magic
 u - 3 potions of brilliance
 x - a potion of berserk rage
 z - a potion of haste
 E - a potion of flight
 H - a potion of agility
Miscellaneous
 L - a plain deck of wonders
Comestibles
 c - 6 bread rations
 f - 2 slices of pizza
 o - 3 beef jerkies
 r - 7 fruits
 I - 2 meat rations


   Skills:
 - Level 10.1 Fighting
 - Level 14.1 Long Blades
 - Level 2.0 Throwing
 + Level 9.1 Armour
 - Level 5.1 Dodging


You had 9 spell levels left.
You didn't know any spells.

Dungeon Overview and Level Annotations

Branches:
Dungeon (12/15)            Temple (1/1) D:5            Lair (0/8) D:11
    Orc: D:9-12

Altars:
Ashenzari
Cheibriados
Dithmenos
Elyvilon
Fedhas
Gozag
Kikubaaqudgha
Makhleb
Nemelex Xobeh
Okawaru
Qazlal
Ru
Sif Muna
Trog
Vehumet
Xom
Yredelemnul
Zin
The Shining One

Shops:
D:10 (   D:11 [


Innate Abilities, Weirdness & Mutations

You reflexively headbutt those who attack you in melee.
You have a pair of horns on your head.
You can breathe flames.
You have an increased reservoir of magic (+10% MP).
You are somewhat resistant to further mutation.
You are robust (+10% HP).
Your muscles are strong. (Str +2)
Your spells are harder to cast, but more powerful.


Message History

There is a stone staircase leading down here.
The yak gores you!
* * * LOW HITPOINT WARNING * * *
You climb downwards.
Xom makes a sudden noise!
You hear a bark!
A water moccasin comes into view.
You hear two shouts!
You hear a shout!
You hear a shout!
You hear a bark!
You hear a shout! x3
You hear a bellow! x2
Found a glowing buckler and 16 arrows.
There is a stone staircase leading up here.
You hit the yak but do no damage.
The yak is lightly wounded.
The yak gores you!
* * * LOW HITPOINT WARNING * * *
You slash the yak! You headbutt the yak!
The yak is severely wounded.
The yak gores you!
You die...
Xom thinks this is hilarious!

## .## ..# ....#
..#
.....####...#
...(....#...#
.............###
#.....Y@......#
#...........S...
#.........[....
#.....#.....###
#....#.....##
...# ....## ..
...## ....# ###


You could see a yak and a water moccasin.

Vanquished Creatures
  A tengu warrior (D:11)
  Erolcha (D:8)
  2 hill giants (D:10)
  A yaktaur (D:11)
  A two-headed ogre (D:9)
  A wyvern (D:11)
  Eustachio (D:4)
  A deep elf mage (D:9)
  A hungry ghost (D:9)
  A hippogriff (D:8)
  Menkaure (D:7)
  An ice beast (D:8)
  A sky beast (D:8)
  A necrophage (D:9)
  3 black bears
  An orc warrior (D:9)
  7 spiders (D:11)
  8 ogres
  4 centaurs
  A big kobold (D:9)
  4 giant frogs
  A wyvern skeleton (D:8)
  2 scorpions
  5 wights
  2 giant frog zombies
  A goliath beetle (D:8)
  3 crimson imps (D:6)
  5 orc priests
  A quasit (D:2)
  4 hounds
  2 jellies
  A giant frog skeleton (D:9)
  10 orc wizards
  A centaur skeleton (D:5)
  2 iguanas
  9 worker ants
  Ijyb (D:4)
  A hound skeleton (D:6)
  14 adders
  4 giant mites
  4 shadow imps
  A worm (D:3)
  2 adder skeletons
  8 giant geckos
  2 oozes (D:2)
  31 orcs
  2 ball pythons
  A bat skeleton (D:4)
  11 hobgoblins
  5 jackals
  21 kobolds
  6 quokkas
  13 bats
  7 giant cockroaches
  3 giant newts
  A giant spore (D:8)
  10 goblins
  11 rats
  4 ballistomycetes
255 creatures vanquished.

Vanquished Creatures (collateral kills)
  A merfolk (D:11)
  3 yaks (D:11)
  A spider (D:11)
  Blork the orc (D:7)
  2 wights
  A jelly (D:10)
  A hound zombie (D:7)
  An adder (D:7)
  An ufetubus (D:11)
  An adder skeleton (D:7)
13 creatures vanquished.

Vanquished Creatures (others)
  A dancing weapon (D:11)
  A fire vortex (D:1)
  A crimson imp (D:11)
  2 quasits (D:11)
  An iguana (D:8)
  3 shadow imps (D:11)
  2 ufetubi (D:11)
  A giant spore (D:6)
12 creatures vanquished.

Grand Total: 280 creatures vanquished

Notes
Turn   | Place    | Note
--------------------------------------------------------------
     0 | D:1      | Monkaria, the Minotaur Chaos Knight, began the quest for the Orb.
     0 | D:1      | Reached XP level 1. HP: 19/19 MP: 1/1
    18 | D:1      | Reached skill level 4 in Long Blades
    65 | D:1      | XOM: smoke on damage
    72 | D:1      | Reached XP level 2. HP: 18/27 MP: 1/1
   329 | D:1      | XOM: divination: magic mapping
   423 | D:1      | XOM is BORED!
   423 | D:1      | XOM: mild Fire miscast
   424 | D:1      | Noticed a fire vortex
   427 | D:1      | Killed a fire vortex
   484 | D:1      | XOM: god gift: 7 tomahawks of returning
   594 | D:1      | XOM: divination: magic mapping
   748 | D:2      | Reached skill level 5 in Long Blades
   748 | D:2      | Reached XP level 3. HP: 26/33 MP: 2/2
   781 | D:2      | XOM: summons 1 hostile demon
  1012 | D:2      | Reached XP level 4. HP: 26/40 MP: 2/2
  1084 | D:2      | Found a burning altar of Makhleb.
  1084 | D:2      | XOM: 9-stop teleportation journey
  1110 | D:2      | Reached skill level 6 in Long Blades
  1376 | D:2      | Found a stormy altar of Qazlal.
  1382 | D:2      | Found a basalt altar of Yredelemnul.
  1383 | D:2      | Found an opulent altar of Gozag.
  1389 | D:2      | Found a shimmering altar of Xom.
  1441 | D:2      | XOM: silly message
  1598 | D:2      | XOM: medium Hex miscast
  1835 | D:3      | XOM: noise
  1956 | D:3      | XOM: smoke on damage
  1979 | D:3      | XOM: medium Conj miscast
  2172 | D:3      | Found a bloodstained altar of Trog.
  2172 | D:3      | XOM: mild Ice miscast
  2184 | D:3      | Reached XP level 5. HP: 35/46 MP: 2/2
  2194 | D:3      | XOM: swap weapons
  2198 | D:3      | XOM: fog
  2473 | D:4      | Reached skill level 7 in Long Blades
  2807 | D:4      | Reached XP level 6. HP: 30/52 MP: 3/3
  2849 | D:4      | XOM: scenery: 1 doors open, 1 doors close
  3091 | D:4      | Found a white marble altar of Elyvilon.
  3110 | D:4      | XOM: give mutation
  3110 | D:4      | Gained mutation: Your spells are a little harder to cast, but a little more powerful. [Xom's grace]
  3163 | D:4      | Noticed Ijyb
  3175 | D:4      | Killed Ijyb
  3175 | D:4      | Reached skill level 5 in Armour
  3245 | D:4      | XOM: give mutations
  3245 | D:4      | Gained mutation: You are somewhat resistant to further mutation. [Xom's grace]
  3245 | D:4      | Gained mutation: You have an increased reservoir of magic (+10% MP). [Xom's grace]
  3353 | D:4      | XOM: 3-stop teleportation journey
  3364 | D:4      | XOM: mild Fire miscast
  3365 | D:4      | Noticed a fire vortex
  3406 | D:4      | Noticed Eustachio
  3426 | D:4      | Killed Eustachio
  3482 | D:4      | XOM: give mutations
  3482 | D:4      | Gained mutation: You can breathe flames. [Xom's grace]
  3482 | D:4      | Gained mutation: You are robust (+10% HP). [Xom's grace]
  3482 | D:4      | Gained mutation: Your spells are harder to cast, but more powerful. [Xom's grace]
  3482 | D:4      | Gained mutation: Your muscles are strong. (Str +2) [Xom's grace]
  3560 | D:5      | Entered Level 5 of the Dungeon
  3586 | D:5      | Found a staircase to the Ecumenical Temple.
  3601 | D:5      | Reached XP level 7. HP: 42/64 MP: 3/3
  3608 | Temple   | Entered the Ecumenical Temple
  3834 | D:5      | Found a snail-covered altar of Cheibriados.
  3948 | D:5      | Reached skill level 5 in Dodging
  4371 | D:5      | XOM: silly message
  4396 | D:6      | XOM: harmless Hex miscast
  4447 | D:6      | XOM: confuse monster(s)
  4467 | D:6      | Reached skill level 8 in Long Blades
  4532 | D:6      | XOM: noise
  4635 | D:6      | Found a radiant altar of Vehumet.
  4646 | D:6      | Found a shattered altar of Ashenzari.
  4654 | D:6      | XOM: 1-stop teleportation journey
  4708 | D:6      | Reached skill level 9 in Long Blades
  4719 | D:6      | Reached XP level 8. HP: 63/72 MP: 3/3
  5047 | D:6      | Found an iron altar of Okawaru.
  5048 | D:6      | Found a blossoming altar of Fedhas.
  5060 | D:6      | XOM: vitrification
  5155 | D:7      | Noticed Blork the orc
  5166 | D:7      | Killed Blork the orc
  5346 | D:7      | XOM: summons 2 friendly demons
  5397 | D:7      | Reached skill level 10 in Long Blades
  5752 | D:7      | Reached skill level 11 in Long Blades
  5756 | D:7      | XOM: enchant monster (good)
  5825 | D:7      | Noticed Menkaure
  5831 | D:7      | Killed Menkaure
  5930 | D:8      | Reached skill level 12 in Long Blades
  5936 | D:8      | Reached XP level 9. HP: 29/78 MP: 4/4
  6253 | D:8      | Noticed Erolcha
  6262 | D:8      | XOM: enchant monster (good)
  6265 | D:8      | Killed Erolcha
  6265 | D:8      | Reached skill level 13 in Long Blades
  6345 | D:8      | XOM: divination: magic mapping
  6351 | D:8      | Reached skill level 14 in Long Blades
  6479 | D:8      | XOM: harmless Trmt miscast
  6730 | D:9      | Reached skill level 1 in Throwing
  6838 | D:9      | XOM: harmless Conj miscast
  6849 | D:9      | XOM: potion effect (haste)
  6851 | D:9      | Reached skill level 5 in Fighting
  7050 | D:9      | Reached XP level 10. HP: 71/92 MP: 4/4
  7056 | D:9      | Found a radiant altar of Vehumet.
  7065 | D:9      | XOM: cast spell 'Cause Fear'
  7226 | D:9      | Found a glowing silver altar of Zin.
  7341 | D:10     | Entered Level 10 of the Dungeon
  7441 | D:10     | Noticed a hill giant
  7453 | D:10     | XOM: divination: detect creatures
  7455 | D:10     | XOM: harmless Ice miscast
  7459 | D:10     | Killed a hill giant
  7562 | D:10     | XOM: potion effect (invisibility)
  7637 | D:10     | Found Vamojosioxt's Weapon Shop.
  7650 | D:10     | XOM: chaos cloud
  7699 | D:10     | Noticed a hill giant
  7701 | D:10     | XOM: summons friendly shadow imp
  7704 | D:10     | XOM: summons friendly white imp
  7710 | D:10     | Killed a hill giant
  7741 | D:10     | XOM: vitrification
  7777 | D:10     | XOM: colour smoke trail
  7936 | D:10     | XOM: silly message
  7958 | D:11     | Reached skill level 10 in Fighting
  7999 | D:11     | XOM: smoke on damage
  8001 | D:11     | XOM: enchant monster (good)
  8013 | D:11     | XOM: enchant monster (good)
  8015 | D:11     | XOM: summons friendly shadow imp
  8020 | D:11     | XOM: potion effect (might)
  8021 | D:11     | XOM: summons 7 friendly demons
  8074 | D:11     | XOM: summons friendly shadow imp
  8076 | D:11     | XOM: summons friendly crimson imp
  8090 | D:11     | Noticed a white ugly thing
  8092 | D:11     | HP: 4/102 [centaur/arrow (13)]
  8128 | D:11     | XOM: divination: magic mapping
  8131 | D:11     | Noticed a tengu warrior
  8149 | D:11     | XOM: summons friendly ufetubus
  8157 | D:11     | XOM: polymorph ufetubus -> shadow imp
  8160 | D:11     | XOM: medium Divn miscast
  8161 | D:11     | XOM: swap monsters
  8182 | D:11     | XOM: silly message
  8188 | D:11     | XOM: silly message
  8192 | D:11     | Killed a tengu warrior
  8197 | D:11     | XOM: noise
  8200 | D:11     | XOM: summons 2 friendly demons
  8206 | D:11     | HP: 5/102 [yak (1)]
  8208 | D:11     | XOM: confuse monster(s)
  8214 | D:11     | Found Qipam's Armour Shoppe.
  8217 | D:11     | XOM: swap monsters
  8220 | D:11     | Found a staircase to the Lair.
  8227 | D:11     | XOM: summons 9 friendly demons
  8290 | D:11     | XOM: confuse monster(s)
  8296 | D:12     | XOM: noise
  8298 | D:12     | Slain by a yak

Action                   |  1- 3 |  4- 6 |  7- 9 | 10-12 || total
-------------------------+-------+-------+-------+-------++-------
Melee: Falchion          |    78 |   164 |   113 |       ||   355
       Dagger            |       |     6 |       |       ||     6
       Scimitar          |       |       |   261 |   163 ||   424
 Fire: Blowgun           |       |       |     8 |    21 ||    29
Throw: Tomahawk          |       |     5 |     1 |     2 ||     8
Evoke: Wand              |       |       |     2 |     1 ||     3
  Use: Scroll            |       |     7 |    18 |     7 ||    32
       Potion            |       |       |       |    14 ||    14
 Stab: Paralysed         |     1 |     1 |     5 |       ||     7
       Petrified         |       |     1 |     1 |     1 ||     3
       Petrifying        |       |     1 |       |       ||     1
       Confused          |       |       |     2 |       ||     2
       Invisible         |       |       |       |     5 ||     5
  Eat: Chunk             |       |     9 |     9 |     4 ||    22
       Royal jelly       |       |       |     1 |       ||     1
